 Dungeon Crawl Stone Soup version 0.19.5 (webtiles) character file.

116 tidbits the Slasher (level 4, 0/30 HPs)
             Began as a High Elf Skald on Nov 8, 2017.
             Succumbed to a scorpion's poison
             ... on level 4 of the Dungeon.
             The game lasted 00:04:41 (611 turns).

tidbits the Slasher (High Elf Skald)                 Turns: 611, Time: 00:04:42

Health: 0/30       AC:  5    Str: 12    XL:     4   Next: 69%
Magic:  3/8        EV: 11    Int: 16    God:
Gold:   52         SH:  0    Dex: 14    Spells: 3 memorised, 3 levels left

rFire  . . .     SeeInvis .     c - book of Battle
rCold  . . .     Gourm    .     B - +0 ring mail
rNeg   . . .     Faith    .     (no shield)
rPois  .         Spirit   .     (no helmet)
rElec  .         Reflect  .     (no cloak)
rCorr  .         Harm     .     (no gloves)
MR     .....     Rnd*Tele +     (no boots)
Stlth  +.........               (no amulet)
                                (no ring)
                                k - ring of teleportation (curse)

@: lethally poisoned (0 -> -1)
A: no striking features
a: no special abilities


You were on level 4 of the Dungeon.
You were not hungry.

You visited 1 branch of the dungeon, and saw 4 of its levels.

You collected 52 gold pieces.

Inventory:

Hand Weapons
 a - a +0 falchion
 h - a +0 hunting sling
   (You found it on level 1 of the Dungeon)
Missiles
 m - 13 sling bullets
Armour
 b - a +0 leather armour
 B - a +0 ring mail (worn)
   (You found it on level 2 of the Dungeon)
Jewellery
 k - a cursed ring of teleportation (left hand)
   (You found it on level 4 of the Dungeon)
Scrolls
 e - a scroll of teleportation {unknown}
 g - a scroll of random uselessness {unknown}
 j - a scroll of identify
 l - a scroll of enchant weapon {unknown}
 n - a scroll of remove curse
Books
 c - a book of Battle (in hand)

   Spells                             Type                      Level
   a - Infusion                       Charms                       1
   b - Shroud of Golubria             Charms/Translocation         2
   c - Song of Slaying                Charms                       2
   d - Spectral Weapon                Hexes/Charms                 3
   e - Regeneration                   Charms/Necromancy            3
 i - a book of Misfortune
   (You found it on level 3 of the Dungeon)

   Spells                             Type                      Level
   a - Confusing Touch                Hexes                        1
   b - Confuse                        Hexes                        3
   c - Gell's Gravitas                Hexes/Translocation          3
   d - Petrify                        Transmutation/Earth          4
   e - Metabolic Englaciation         Hexes/Ice                    5
   f - Yara's Violent Unravelling     Hexes/Transmutation          5
Comestibles
 d - a bread ration
 f - a meat ration


   Skills:
 + Level 2.7 Fighting
 * Level 4.1 Long Blades
 - Level 1.1 Armour
 + Level 2.8 Dodging
 - Level 2.5 Spellcasting
 - Level 3.9 Charms


You had 3 spell levels left.
You knew the following spells:

 Your Spells              Type           Power        Failure   Level  Hunger
g - Shroud of Golubria    Chrm/Tloc      #.........   30%         2    ##.....
i - Infusion              Chrm           ##..         10%         1    #......
y - Song of Slaying       Chrm           ##......     14%         2    ##.....


Dungeon Overview and Level Annotations

Branches:
Dungeon (4/15)
 Temple: D:4-7

Altars:
Gozag


Message History

Casting: Infusion
Confirm with . or Enter, or press ? or * to list all spells.
You begin infusing your attacks with magical energy.
You hit the scorpion but do no damage. The scorpion misses you.
You riposte.
You hit the scorpion.
The scorpion is lightly wounded.
You hit the scorpion.
The scorpion is moderately wounded.
The scorpion misses you.
You closely miss the scorpion.
The scorpion is moderately wounded.
The scorpion barely misses you.
You riposte.
You closely miss the scorpion.
The scorpion is moderately wounded.
You closely miss the scorpion.
The scorpion is moderately wounded.
The scorpion closely misses you.
You riposte.
You closely miss the scorpion.
The scorpion is moderately wounded.
You hit the scorpion.
The scorpion is moderately wounded.
The scorpion closely misses you. The scorpion misses you.
You riposte.
You hit the scorpion but do no damage.
The scorpion is moderately wounded.
You hit the scorpion.
The scorpion is heavily wounded.
The scorpion stings you.
You hit the scorpion but do no damage.
The scorpion is heavily wounded.
The scorpion closely misses you.
You hit the scorpion but do no damage.
The scorpion is heavily wounded.
The scorpion barely misses you.
You hit the scorpion.
The scorpion is severely wounded.
The scorpion closely misses you.
You closely miss the scorpion.
The scorpion is severely wounded.
The scorpion stings you but does no damage.
You hit the scorpion.
The scorpion is almost dead.
The scorpion stings you!
* * * LOW HITPOINT WARNING * * *
You are lethally poisoned!
The scorpion poisons you!
You hit the scorpion.
The scorpion is almost dead.
* * * LOW HITPOINT WARNING * * *
You feel sick.
The scorpion stings you but does no damage. x2
You hit the scorpion.
You kill the scorpion!
Your Long Blades skill increases to level 4!
You have reached level 4!
* * * LOW HITPOINT WARNING * * *
You feel sick.
Wield which item (- for none, * to show all)? (? for menu, Esc to quit)
c - a book of Battle (in hand)
You swing at nothing.
* * * LOW HITPOINT WARNING * * *
You feel sick.
You swing at nothing.
* * * LOW HITPOINT WARNING * * *
You feel sick.
You swing at nothing.
Your magical infusion is running out.
* * * LOW HITPOINT WARNING * * *
You feel sick.
You swing at nothing.
* * * LOW HITPOINT WARNING * * *
You feel sick.
You swing at nothing.
* * * LOW HITPOINT WARNING * * *
You feel sick.
You swing at nothing.
You swing at nothing.
You are no longer magically infusing your attacks.
* * * LOW HITPOINT WARNING * * *
You feel sick.
You swing at nothing.
You swing at nothing.
* * * LOW HITPOINT WARNING * * *
You feel sick.
You swing at nothing.
You aren't carrying any potions.
Unknown command.
You swing at nothing.
* * * LOW HITPOINT WARNING * * *
You feel sick.
You swing at nothing.
You swing at nothing.
* * * LOW HITPOINT WARNING * * *
You feel sick.
You swing at nothing.
You swing at nothing.
You swing at nothing.
* * * LOW HITPOINT WARNING * * *
You feel sick.
You swing at nothing.
You swing at nothing.
You swing at nothing.
You die...

...... ####..... #.##.
## ####...... ... ......
!#..##.... ......... .#
......†.# #.. #@# #...
#.###.... #. #....$...
#.# ##.......# #.#
##...###.## #.#
####.....##.# #.#
..........##.#####.#####
........#.##............
..#######.......>.......


There were no monsters in sight!

Vanquished Creatures
  A scorpion (D:4)
  A hound (D:4)
  2 adders
  A leopard gecko (D:4)
  A goblin (D:2)
  2 hobgoblins
  A quokka (D:4)
  3 bats
  3 frilled lizards
  2 kobolds
  3 rats
20 creatures vanquished.

Notes
Turn   | Place    | Note
-------+----------+-------------------------------------------
     0 | D:1      | tidbits the High Elf Skald began the quest for the Orb.
     0 | D:1      | Reached XP level 1. HP: 14/14 MP: 4/4
    75 | D:2      | Reached skill level 1 in Armour
    91 | D:2      | Reached XP level 2. HP: 11/19 MP: 0/6
   147 | D:2      | Learned a level 2 spell: Song of Slaying
   150 | D:2      | Learned a level 2 spell: Shroud of Golubria
   442 | D:3      | Reached skill level 2 in Dodging
   442 | D:3      | Reached XP level 3. HP: 14/24 MP: 0/7
   483 | D:4      | Found an opulent altar of Gozag.
   524 | D:4      | Reached skill level 3 in Long Blades
   576 | D:4      | Noticed a scorpion
   591 | D:4      | Killed a scorpion
   591 | D:4      | Reached skill level 4 in Long Blades
   591 | D:4      | Reached XP level 4. HP: 9/30 MP: 0/8
   601 | D:4      | HP: 3/30 [poisoned by a scorpion]
   608 | D:4      | HP: 1/30 [poisoned by a scorpion]
   611 | D:4      | Succumbed to a scorpion's poison

Skill      XL: |  1  2  3 |
---------------+----------+-----
Armour         | 1 |  1.1
Dodging        | 2 |  2.8
Long Blades    | 4 |  4.1
Fighting       | |  2.7
Spellcasting   | |  2.5
Charms         | |  3.9

Action                   |  1- 3 |  4- 6 || total
-------------------------+-------+-------++-------
Melee: Falchion          |    50 |       ||    50
 Cast: Infusion          |    10 |       ||    10
  Use: Potion            |     1 |       ||     1
       Scroll            |     1 |       ||     1
Armor: Leather armour    |     1 |       ||     1
       Ring mail         |    11 |       ||    11
Dodge: Dodged            |    31 |       ||    31
       Rpst.: Falchion   |    14 |       ||    14

Table legend:
 A = Turns spent in this place as a percentage of turns spent in the entire game.
 B = Non-inter-level travel turns spent in this place as a percentage of non-inter-level travel turns spent in the entire game.
 C = Inter-level travel turns spent in this place as a percentage of turns spent in this place.
 D = Turns resting spent in this place as a percentage of non-inter-level travel turns spent in this place.
 E = Turns spent auto-exploring this place as a percentage of non-inter-level travel turns spent in this place.
 F = Non-inter-level travel turns spent in this place divided by the number of levels of this place that you've seen.
                   A       B       C       D       E      F
               +-------+-------+-------+-------+-------+----------------------
         Total | 100.0 | 100.0 |   0.2 |   0.0 |   0.0 | 120.0
       Dungeon | 100.0 | 100.0 |   0.2 |   0.0 |   0.0 | 120.0
               +-------+-------+-------+-------+-------+----------------------

Table legend:
 A = Kills in this place as a percentage of kills in entire the game.
 B = Kills by you in this place as a percentage of kills by you in the entire game.
 C = Kills by friends in this place as a percentage of kills by friends in the entire game.
 D = Other kills in this place as a percentage of other kills in the entire game.
 E = Experience gained in this place as a percentage of experience gained in the entire game.
 F = Experience gained in this place divided by the number of levels of this place that you have seen.
                   A       B       C       D       E      F
               +-------+-------+-------+-------+-------+----------------------
         Total | 100.0 | 100.0 |  -nan |  -nan | 100.0 |  41.5
       Dungeon | 100.0 | 100.0 |  -nan |  -nan | 100.0 |  41.5
               +-------+-------+-------+-------+-------+----------------------

Vault maps used:
D:1:      sevenhm_arrival_forest_fort_small_6
D:4:      good_gods_temple_1, nicolae_gozag_cash_rules_everything_around_me,
          minmay_temple_entry_mist, hangedman_decor_growths,
          grunt_decor_clamped, ashenzari_altar_1
